 Dungeon Crawl Stone Soup version 0.23-b1-6-ga921848b48 (webtiles) character file.

Game seed: 4436348843362308184

1399 Revguard the Blocker (level 9, 0/68 HPs)
             Began as a Formicid Fighter on Feb 2, 2019.
             Was a Priest of Cheibriados.
             Killed from afar by an electric eel (7 damage)
             ... with a bolt of electricity
             ... on level 6 of the Dungeon.
             The game lasted 00:14:31 (4540 turns).

Revguard the Blocker (Formicid Fighter)             Turns: 4540, Time: 00:14:32

Health: 0/68       AC: 11    Str: 27    XL:     9   Next: 1%
Magic:  9/9        EV: 11    Int: 14    God:    Cheibriados [***...]
Gold:   210        SH: 13    Dex: 20    Spells: 8/8 levels left

rFire    + . .     SeeInvis +   a - +0 war axe
rCold    + . .     Gourm    .   c - +0 shield
rNeg     . . .     Faith    .   b - +0 scale mail
rPois    .         Spirit   .   (helmet unavailable)
rElec    .         Reflect  .   s - +0 cloak
rCorr    .         Harm     .   (no gloves)
MR       .....                  u - +2 pair of boots
Stlth    ..........             (no amulet)
HPRegen  0.21/turn              p - ring of protection from cold
MPRegen  0.11/turn              k - ring of protection from fire

@: very slow
A: permanent stasis, dig shafts and tunnels, four strong arms, antennae 3, weak
1, MP-powered wands
a: Dig, Shaft Self, Bend Time, Temporal Distortion, Renounce Religion


You were on level 6 of the Dungeon.
You worshipped Cheibriados.
Cheibriados was most pleased with you.
You were hungry.

You visited 1 branch of the dungeon, and saw 6 of its levels.
You also visited: Sewer.

You collected 210 gold pieces.

Inventory:

Hand Weapons
 a - a +0 war axe (weapon)
Armour
 b - a +0 scale mail (worn)
 c - a +0 shield (worn)
 s - a +0 cloak (worn)
 u - a +2 pair of boots (worn)
Jewellery
 k - a ring of protection from fire (right hand)
 p - a ring of protection from cold (left hand)
 q - an uncursed ring of see invisible
 r - an uncursed amulet of rage
Wands
 n - a wand of digging (5)
Scrolls
 g - 3 scrolls of identify
 l - 2 scrolls of remove curse
 m - a scroll of teleportation
Potions
 d - 5 potions of might
 e - a potion of berserk rage
 h - 6 potions of curing
 i - 5 potions of heal wounds
 j - 2 potions of agility
 o - 4 potions of brilliance
 t - 3 potions of degeneration
 v - 2 potions of flight
Comestibles
 f - 10 rations


   Skills:
 + Level 5.0 Fighting
 + Level 6.2 Axes
 + Level 5.2 Armour
 + Level 2.1 Dodging
 * Level 8.4 Shields


You had 8 spell levels left.
You didn't know any spells.
Your spell library was empty.

Dungeon Overview and Level Annotations

Branches:
Dungeon (6/15)
 Temple: D:4-7

Altars:
Cheibriados
Makhleb
Okawaru
Trog
Xom
Zin


Innate Abilities, Weirdness & Mutations

You cannot be hasted, slowed, berserked, paralysed or teleported.
You can dig through walls and to a lower floor.
Your four strong arms can wield two-handed weapons with a shield.
You have a pair of large antennae on your head. (SInv)
You are weak. (Str -2)
You expend magic power (3 MP) to strengthen your wands.


Message History

There is a stone staircase leading up here.
Found a stone staircase leading up.
An electric eel comes into view.
The electric eel shoots out a bolt of lightning at you!
The bolt of electricity hits you! The bolt of electricity hits you.
The electric eel shoots out a bolt of lightning at you!
The bolt of electricity hits you! x2
The electric eel shoots out a bolt of lightning at you!
The bolt of electricity hits you! x2
The electric eel shoots out a bolt of lightning at you!
The bolt of electricity hits you!
* * * LOW HITPOINT WARNING * * *
The bolt of electricity hits you.
* * * LOW HITPOINT WARNING * * *
You barely miss the electric eel.
The electric eel shoots out a bolt of lightning at you!
The bolt of electricity hits you.
* * * LOW HITPOINT WARNING * * *
The bolt of electricity hits you!
You die...

#.# ######.#
...##.## #
#.#...## ##.
#.<....#
#..###.....##
#.......#.##
####<##.##.####
.......@.......
.≈≈≈≈≈≈;≈≈[####
≈≈#####≈#≈≈#
#≈##≈≈# #≈≈
#≈≈# ##≈ #≈# #
≈# .


You could see an electric eel.

Vanquished Creatures
  Grinder (D:3)
  Menkaure (D:4)
  3 ogres (D:4)
  2 centaurs (D:5)
  2 big kobolds (Sewer)
  A water moccasin zombie (D:5)
  A howler monkey (D:5)
  A crimson imp (D:3)
  A bullfrog zombie (D:5)
  2 hounds
  A jelly (D:5)
  An iguana (D:5)
  A worker ant (D:4)
  8 adders
  4 river rats (Sewer)
  A shadow imp (D:5)
  An ooze (D:1)
  5 worms
  2 dart slugs (D:1)
  2 leopard geckos
  An orc (D:3)
  6 ball pythons (Sewer)
  10 bats
  5 giant cockroaches
  5 goblins
  8 hobgoblins
  7 jackals (D:2)
  A quokka (D:4)
  6 frilled lizards
  17 kobolds
  29 rats
136 creatures vanquished.

Vanquished Creatures (others)
  An ogre (D:4)
  An adder (D:4)
  An orc (D:4)
3 creatures vanquished.

Grand Total: 139 creatures vanquished

Notes
Turn   | Place    | Note
-------+----------+-------------------------------------------
     0 | D:1      | Revguard the Formicid Fighter began the quest for the Orb.
     0 | D:1      | Reached XP level 1. HP: 18/18 MP: 1/1
    68 | D:1      | Reached XP level 2. HP: 21/24 MP: 2/2
   240 | D:1      | Reached skill level 4 in Shields
   268 | D:1      | Reached XP level 3. HP: 27/29 MP: 3/3
   737 | D:2      | Reached XP level 4. HP: 21/37 MP: 4/4
  1256 | D:2      | Found a snail-covered altar of Cheibriados.
  1257 | D:2      | Found a burning altar of Makhleb.
  1257 | D:2      | Found a glowing silver altar of Zin.
  1258 | D:2      | Found a bloodstained altar of Trog.
  1268 | D:2      | Became a worshipper of Cheibriados the Contemplative
  1322 | D:2      | Found a faded altar of an unknown god.
  1334 | D:2      | Reached XP level 5. HP: 37/42 MP: 5/5
  1500 | D:3      | Reached skill level 5 in Shields
  1766 | D:3      | Noticed Grinder
  1793 | D:3      | Killed Grinder
  1793 | D:3      | Reached skill level 1 in Dodging
  1793 | D:3      | Reached XP level 6. HP: 9/48 MP: 6/6
  2352 | D:4      | Found a glowing drain.
  2359 | D:4      | Killed an ogre
  2371 | D:4      | Noticed an ogre
  2384 | D:4      | Killed an ogre
  2384 | D:4      | Reached skill level 6 in Shields
  2384 | D:4      | Reached XP level 7. HP: 32/54 MP: 7/7
  2395 | Sewer    | Entered a sewer
  2518 | Sewer    | Reached * piety under Cheibriados
  2684 | Sewer    | Reached ** piety under Cheibriados
  2790 | Sewer    | Reached skill level 5 in Axes
  3066 | D:4      | Reached skill level 7 in Shields
  3066 | D:4      | Reached XP level 8. HP: 44/61 MP: 8/8
  3069 | D:4      | Found a shimmering altar of Xom.
  3132 | D:4      | Noticed Menkaure
  3142 | D:4      | Killed Menkaure
  3429 | D:4      | Gained mutation: You are weak. (Str -2) [potion of
                  | mutation]
  3429 | D:4      | Gained mutation: You expend magic power (3 MP) to
                  | strengthen your wands. [potion of mutation]
  3704 | D:4      | Found an iron altar of Okawaru.
  3854 | D:5      | Entered Level 5 of the Dungeon
  3887 | D:5      | Reached skill level 5 in Armour
  3951 | D:5      | Reached skill level 8 in Shields
  3968 | D:5      | Reached *** piety under Cheibriados
  4009 | D:5      | Reached skill level 5 in Fighting
  4136 | D:5      | Reached XP level 9. HP: 23/68 MP: 9/9
  4540 | D:6      | Killed from afar by an electric eel

Skill      XL: |  1  2  3  4  5  6  7  8 |
---------------+-------------------------+-----
Shields        | 4 5 6 7 8 |  8.4
Axes           | 4 5 6 |  6.2
Fighting       | 4 5 |  5.0
Armour         | 4 5 |  5.2
Dodging        | 1 2 |  2.1

Action                   |  1- 3 |  4- 6 |  7- 9 || total
-------------------------+-------+-------+-------++-------
Melee: War axe           |   102 |   124 |   189 ||   415
 Abil: Dig               |       |     2 |       ||     2
  Use: Scroll            |       |     3 |     6 ||     9
       Potion            |       |       |     9 ||     9
  Eat: Chunk             |       |     6 |     3 ||     9
Armor: Scale mail        |    58 |    62 |    75 ||   195
Dodge: Dodged            |    39 |    48 |    92 ||   179
Block: Shield            |    68 |    77 |   162 ||   307
